AoeStats
← flajj

Arabia

507801272Analyzed
3v3 RM · 11d ago on Sep 19, 2026· 45m 36s· 6 players
Game mode
Random Map
Map size
Normal (6 player)
Population
200
Speed
Normal
Resources
Standard
Victory
Conquest
Starting age
Dark Age
Ending age
Imperial Age
RankedLock teamsTeams togetherTeam positionsShared explorationLock speedFull tech treeHidden civsTurbo modeCheats
Victory
Defeat
🇬🇧 Lithuanians · United Kingdom
1126
+10
🇨🇴 Magyars · Colombia
1061
+13
🇺🇸 Saracens · United States
987
+16
🇵🇪 Italians · Peru
1072
-16
🇪🇸 Mongols · Spain
1010
-14
🇪🇨 Georgians · Ecuador
892
-9
Scott678
7:06 Loom
9:23 Feudal Age
12:07 Double-Bit Axe
21:59 Castle Age
21:36 Bloodlines
23:25 Bow Saw
23:12 Light Cavalry
23:56 Husbandry
24:03 Scale Barding Armor
24:10 Forging
24:52 Gold Mining
29:47 Chain Barding Armor
30:59 Iron Casting
34:03 Wheelbarrow
34:10 Wheelbarrow
33:33 Fletching
34:04 Elite Skirmisher
34:41 Bodkin Arrow
36:12 Padded Archer Armor
39:00 Leather Archer Armor
41:57 Imperial Age
42:14 Winged Hussar
43:35 Hand Cart
43:59 Ballistics
44:46 Ring Archer Armor
45:48 Two-Man Saw
jjvirguezc
1:36 Loom
10:40 Feudal Age
11:22 Double-Bit Axe
12:50 Horse Collar
20:25 Castle Age
18:40 Fletching
19:11 Stone Mining
20:03 Gold Mining
21:28 Padded Archer Armor
22:48 Wheelbarrow
22:56 Bow Saw
24:19 Heavy Plow
25:55 Leather Archer Armor
29:33 Hand Cart
31:52 Gold Shaft Mining
33:03 Bodkin Arrow
33:31 Ballistics
37:42 Imperial Age
35:01 Elite Skirmisher
39:33 Recurve Bow
38:58 Heavy Cavalry Archer
40:03 Parthian Tactics
40:56 Chemistry
39:52 Murder Holes
41:03 Heavy Scorpion
43:44 Bracer
44:15 Ring Archer Armor
44:10 Scale Barding Armor
flajj
8:27 Loom
10:37 Feudal Age
12:14 Double-Bit Axe
15:55 Castle Age
14:16 Double-Bit Axe
15:02 Horse Collar
23:06 Heavy Plow
24:11 Gold Mining
25:00 Wheelbarrow
25:53 Bow Saw
27:23 Fervor
27:54 Hand Cart
27:49 Stone Mining
28:34 Town Watch
29:13 Scale Barding Armor
28:59 Fletching
30:30 Chain Barding Armor
30:24 Forging
31:33 Bodkin Arrow
32:15 Iron Casting
37:09 Imperial Age
37:27 Husbandry
37:37 Bloodlines
38:06 Elite Mameluke
39:11 Conscription
40:19 Plate Barding Armor
40:44 Blast Furnace
39:47 Bracer
42:10 Herbal Medicine
42:08 Light Cavalry
43:45 Counterweights
44:48 Ballistics
45:28 Chemistry
44:36 Siege Engineers
44:42 Masonry
44:53 Ballistics
45:55 Murder Holes
45:44 Treadmill Crane
Cavalier
8:39 Loom
10:24 Feudal Age
11:24 Double-Bit Axe
11:28 Horse Collar
16:12 Town Watch
16:54 Fletching
19:07 Castle Age
17:21 Stone Mining
18:52 Gold Mining
20:22 Bow Saw
24:17 Gold Shaft Mining
24:33 Fletching
24:45 Padded Archer Armor
25:59 Bodkin Arrow
27:10 Thumb Ring
28:22 Bloodlines
30:43 Ballistics
30:27 Husbandry
32:55 Heavy Plow
45:29 Imperial Age
44:03 Nomads
Crissss
11:02 Feudal Age
9:19 Loom
11:32 Feudal Age
15:42 Castle Age
13:38 Double-Bit Axe
16:16 Stone Mining
23:54 Gold Mining
24:17 Bow Saw
26:17 Fletching
27:22 Ballistics
27:03 Bodkin Arrow
31:59 Imperial Age
31:10 Padded Archer Armor
31:17 Scale Barding Armor
32:37 Stone Shaft Mining
33:14 Conscription
34:39 Bracer
37:39 Elite Genoese Crossbowman
39:56 Two-Man Saw
39:29 Leather Archer Armor
39:20 Scale Mail Armor
39:31 Forging
40:10 Silk Road
40:15 Bloodlines
40:05 Husbandry
39:26 Cavalier
41:33 Chemistry
40:14 Treadmill Crane
40:45 Masonry
43:16 Ring Archer Armor
Khalid
1:20 Loom
12:44 Feudal Age
29:45 Castle Age
42:31 Gold Mining
42:27 Double-Bit Axe
44:20 Wheelbarrow
43:56 Horse Collar
Connection lost

Rejoining the realm…

Still unreachable

The connection could not be restored.

Session expired

The server has moved on; the page needs a fresh start.